Map: Nephor I

Players

Cooch - Winner!

  • Race: Zerg Zerg
  • Spawn Location: 12:00

Coronius - Winner!

  • Race: Terran Terran
  • Spawn Location: 1:00

CottonCandy - Winner!

  • Race: Protoss Protoss
  • Spawn Location: 1:00

A.I. 3 (Medium)

  • Race: Protoss Protoss
  • Spawn Location: 6:00

A.I. 4 (Medium)

  • Race: Zerg Zerg
  • Spawn Location: 7:00

A.I. 5 (Hard)

  • Race: Terran Terran
  • Spawn Location: 7:00

VOD

Have the link to the VOD?

Description

Time

  • Played on: April 27, 2017, 4:44 p.m.
  • Length: 17:36
Show
View Real Time Build Order
Export as new Build Order

Cooch Zerg - Winner!

Build Orders: Hatch First 

Get SALT Encoding   

  12  0:01  Drone  
  13  0:08  Drone  
  14  0:17  Overlord  
  14  0:20  Extractor  
  13  0:23  Drone  
  14  0:37  Drone  
  14  0:41  Drone  
  16  0:50  Drone  
  17  1:02  Hatchery  
  16  1:06  Drone  
  17  1:24  Drone, Spawning Pool  
  17  1:27  Drone  
  18  1:36  Drone  
  18  1:38  Drone  
  20  1:48  Drone  
  21  1:59  Overlord  
  21  2:13  Queen  
  21  2:15  Queen  
  25  2:16  Drone x2  
  25  2:21  Metabolic Boost  
  27  2:42  Roach Warren  
  27  2:43  Drone x3  
  29  2:44  Drone  
  29  2:45  Drone  
  31  2:51  Extractor  
  31  2:57  Queen  
  32  3:04  Lair  
  32  3:07  Drone  
  32  3:08  Drone  
  32  3:09  Drone  
  35  3:14  Overlord  
  35  3:26  Drone  
  36  3:27  Overlord  
  36  3:28  Overlord  
  36  3:33  Evolution Chamber  
  35  3:40  Evolution Chamber  
  34  3:49  Drone x4  
  34  3:52  Extractor  
  37  4:01  Zerg Melee Weapons Level 1  
  37  4:06  Zerg Ground Armor Level 1  
  37  4:39  Glial Reconstitution  
  37  4:43  Drone  
  37  4:44  Drone x2  
  40  4:57  Drone x4  
  44  5:03  Extractor  
  44  5:04  Zergling x12, Overlord  
  44  5:05  Overlord x6  
  49  5:13  Zergling x4  
  51  5:26  Drone x2  
  51  5:27  Infestation Pit  
  52  5:37  Drone  
  52  5:38  Drone x4  
  57  6:09  Zerg Ground Armor Level 2  
  57  6:11  Zerg Missile Weapons Level 1  
  57  6:15  Hive  
  57  6:43  Tunneling Claws  
  57  6:55  Zergling x2  
  57  6:56  Zergling x16  
  57  6:57  Zergling x12  
  57  6:58  Zergling x6  
  67  7:09  Zergling x8  
  70  7:21  Zergling x2  
  70  7:22  Zergling x8  
  60  7:35  Zergling x2  
  60  7:36  Zergling x4, Roach  
  63  7:39  Unknown  
  61  7:50  Adrenal Glands, Ultralisk Cavern  
  60  8:36  Hatchery  
  60  8:38  Zerg Melee Weapons Level 2  
  60  8:40  Zerg Ground Armor Level 3  
  59  8:43  Ultralisk x4  
  59  8:45  Zergling x2  
  59  8:46  Zergling x14  
  59  8:47  Zergling x6  
  94  9:12  Ultralisk  
  100  9:22  Zergling x2  
  100  9:23  Zergling x4, Overlord x4  
  103  9:28  Unknown  
  101  9:38  Zergling x10  
  105  9:39  Zergling x2  
  97  9:54  Unknown  
  97  9:57  Ultralisk  
  97  9:59  Zergling x2  
  105  10:00  Zergling x2  
  105  10:06  Queen  
  107  10:13  Hatchery  
  105  10:21  Zergling x2  
  105  10:22  Zergling x2, Roach  
  105  10:26  Unknown  
  71  10:58  Viper  
  71  10:59  Ultralisk x3  
  91  11:08  Unknown  
  90  11:15  Zergling x2, Ultralisk  
  90  11:16  Ultralisk  
  90  11:17  Zergling x2  
  103  11:33  Drone x4  
  103  11:34  Unknown, Drone x5  
  103  11:39  Queen  
  112  11:55  Drone x6  
  112  11:56  Drone x2  
  120  12:03  Chitinous Plating  
  120  12:14  Drone x3  
  123  12:18  Extractor  
  123  12:20  Extractor  
  121  12:59  Ultralisk x5  
  121  13:01  Overlord x5  
  151  13:13  Zergling x8, Roach  
  151  13:14  Zergling x2, Roach  
  160  13:20  Extractor  
  160  13:21  Extractor  
  134  13:51  Zergling x8, Ultralisk x2  
  134  13:52  Ultralisk, Zergling x8  
  134  13:53  Zergling x2  
  161  13:59  Unknown  
  161  14:01  Zergling x8  
  161  14:02  Zergling x4  
  159  14:07  Unknown  
  152  14:15  Zerg Melee Weapons Level 3  
  151  14:18  Zerg Missile Weapons Level 2  
  127  14:43  Ultralisk  
  127  14:44  Ultralisk  
  121  14:46  Ultralisk, Unknown  
  125  15:01  Ultralisk  
  125  15:02  Zergling x6  
  125  15:03  Zergling x6  
  137  15:37  Zergling x2  
  137  15:38  Ultralisk x3, Zergling x4  
  137  15:40  Zergling x2  
  155  15:59  Ultralisk x2  
  167  16:24  Zergling x4, Ultralisk  
  167  16:25  Ultralisk, Zergling x2  
  182  16:26  Zergling x2  
  183  16:51  Zergling x6, Hatchery  
  183  16:52  Zergling x2  
  183  16:53  Zergling x6  
Show
View Real Time Build Order
Export as new Build Order

Coronius Terran - Winner!

Build Orders: MMM Bio 

Get SALT Encoding   

  12  0:02  SCV  
  13  0:14  Refinery  
  13  0:17  SCV  
  14  0:33  Engineering Bay  
  14  0:35  SCV  
  15  0:57  Supply Depot  
  15  1:08  Supply Depot  
  15  1:11  Refinery  
  15  1:19  SCV  
  15  1:24  Terran Infantry Armor Level 1  
  16  1:31  SCV  
  17  1:41  Barracks  
  17  1:43  SCV  
  18  1:55  SCV  
  19  2:28  Orbital Command  
  19  2:33  Marine  
  20  2:50  Marine  
  21  2:53  Barracks  
  21  2:58  Barracks  
  21  3:09  Reaper  
  22  3:41  Reaper  
  23  3:46  Marine  
  23  3:47  Marine  
  25  3:56  Terran Infantry Weapons Level 1  
  25  4:04  Marine  
  26  4:13  Reaper  
  27  4:17  Barracks Tech Lab  
  27  4:23  Barracks Reactor  
  27  4:45  Marine  
  28  4:50  Marauder  
  30  4:56  Combat Shields  
  30  5:07  Barracks Reactor  
  30  5:10  Marine  
  31  5:17  Marine  
  31  5:18  Marauder  
  34  5:26  Supply Depot  
  34  5:27  Supply Depot  
  34  5:28  Marine, Supply Depot  
  35  5:29  Supply Depot  
  35  5:30  Supply Depot  
  35  5:32  Supply Depot  
  35  5:35  Marine  
  36  5:36  SCV  
  36  5:39  Marauder  
  39  5:47  Marine  
  39  5:48  SCV  
  39  5:49  Neosteel Frame  
  41  5:53  Marine  
  41  5:56  Marine x2  
  44  6:05  Marine  
  44  6:10  Marine  
  46  6:15  Stimpack  
  46  6:24  Marine x2  
  46  6:25  Marine  
  49  6:28  Marine  
  50  6:42  Marine  
  46  7:08  Building Armor  
  46  7:12  Marine x2  
  46  7:13  Marine x2  
  50  7:30  Marine x3  
  50  7:31  Marine  
  54  7:48  Marine x4  
  58  8:06  Marine x3  
  61  8:16  Concussive Shells  
  61  8:26  Factory  
  61  9:07  Marine x4  
  65  9:11  Command Center  
  65  9:13  Marauder  
  65  9:17  Factory Tech Lab  
  67  9:25  Marine x4  
  67  9:26  Armory  
  71  9:34  Marauder  
  73  9:42  Marine x2  
  73  9:43  Marine x2  
  77  9:56  Marauder  
  79  10:00  Marine x3  
  79  10:01  Marine  
  83  10:15  Starport  
  83  10:18  Marine x4  
  87  10:36  Marine x4  
  87  10:54  Marine x3  
  86  11:20  Planetary Fortress  
  85  11:34  Marine  
  85  11:35  Marine x3  
  89  11:52  Marine x2  
  89  11:53  Marine x2  
  87  12:10  Marine x2  
  87  12:14  Marine x2  
  91  12:28  Marine x2  
  93  12:32  Marine x2  
  93  12:33  Supply Depot  
  95  12:41  SCV  
  96  12:46  Marine  
  97  12:52  Refinery  
  97  12:54  SCV  
  73  13:35  SCV  
  74  13:44  Marine x2  
  74  13:45  Marine x2  
  79  14:02  Marine x3  
  80  14:03  Viking  
  80  14:09  SCV  
  84  14:21  SCV  
  85  14:32  Viking  
  85  14:33  SCV  
  88  14:44  Marine x3  
  88  14:45  SCV, Marine  
  93  15:02  Marine  
  94  15:21  Marine x2  
  94  15:22  Marine x2  
  91  15:39  Marine x2  
Show
View Real Time Build Order
Export as new Build Order

CottonCandy Protoss - Winner!

Build Orders:  

Get SALT Encoding   

  12  0:02  Probe (Chrono Boost)  
  13  0:20  Pylon  
  13  0:25  Probe (Chrono Boost), Assimilator  
  14  0:38  Probe (Chrono Boost), Assimilator  
  15  0:49  Probe (Chrono Boost)  
  16  0:58  Gateway  
  16  1:00  Probe (Chrono Boost)  
  17  1:10  Probe (Chrono Boost)  
  18  1:20  Forge  
  18  1:21  Probe (Chrono Boost)  
  19  1:31  Probe (Chrono Boost)  
  20  1:42  Probe (Chrono Boost)  
  20  1:45  Pylon  
  20  1:46  Zealot  
  23  1:59  Protoss Ground Weapons Level 1  
  23  2:05  Probe (Chrono Boost)  
  24  2:10  Zealot  
  27  2:17  Probe (Chrono Boost)  
  27  2:24  Cybernetics Core  
  27  2:38  Zealot  
  29  2:59  Nexus  
  29  3:02  Assimilator  
  31  3:22  Stalker  
  31  3:29  Pylon  
  31  3:31  Pylon  
  31  3:34  Pylon  
  31  3:43  Protoss Air Weapons Level 1  
  31  3:49  Stalker  
  31  3:53  Protoss Ground Armor Level 1  
  34  3:56  Probe (Chrono Boost)  
  34  4:08  Probe (Chrono Boost)  
  35  4:15  Probe (Chrono Boost)  
  36  4:25  Probe (Chrono Boost)  
  37  4:33  Stargate  
  37  4:36  Probe (Chrono Boost)  
  38  4:41  Twilight Council  
  38  4:45  Probe (Chrono Boost)  
  39  4:46  Probe (Chrono Boost)  
  40  4:53  Assimilator  
  40  4:56  Probe (Chrono Boost)  
  40  4:57  Probe (Chrono Boost)  
  42  5:02  Adept  
  44  5:07  Probe (Chrono Boost)  
  44  5:09  Probe (Chrono Boost)  
  46  5:18  Probe (Chrono Boost)  
  46  5:21  Probe (Chrono Boost)  
  48  5:27  Pylon  
  48  5:28  Pylon  
  48  5:38  Probe (Chrono Boost)  
  49  5:48  Probe (Chrono Boost)  
  53  5:50  Void Ray  
  54  5:57  Adept  
  54  5:59  Probe (Chrono Boost)  
  54  6:02  Resonating Glaives  
  57  6:08  Protoss Air Armor Level 1  
  57  6:09  Probe (Chrono Boost)  
  58  6:22  Probe (Chrono Boost)  
  59  6:29  Void Ray  
  60  6:32  Probe (Chrono Boost)  
  60  6:35  Adept  
  66  6:43  Probe (Chrono Boost)  
  67  6:53  Probe (Chrono Boost)  
  48  7:23  Stalker  
  48  7:25  Void Ray  
  54  7:48  Pylon  
  54  7:50  Stalker  
  56  7:59  Fleet Beacon  
  56  8:11  Stargate  
  56  8:12  Void Ray  
  60  8:16  Stalker  
  62  8:36  Nexus, Protoss Air Weapons Level 2  
  62  8:38  Assimilator  
  62  8:41  Pylon  
  62  8:45  Stalker  
  64  8:49  Protoss Ground Weapons Level 2  
  64  8:59  Carrier  
  64  9:03  Void Ray  
  74  9:15  Stalker  
  76  9:21  Graviton Catapult  
  76  9:33  Gateway  
  76  9:41  Carrier  
  76  9:44  Assimilator  
  76  9:45  Stalker  
  84  10:15  Stalker  
  86  10:22  Stalker  
  86  10:25  Void Ray  
  92  10:36  Probe (Chrono Boost)  
  93  10:45  Stalker  
  93  10:47  Probe (Chrono Boost)  
  96  10:52  Stalker  
  98  10:57  Probe (Chrono Boost)  
  98  10:58  Protoss Air Weapons Level 3  
  99  11:05  Tempest  
  99  11:07  Tempest  
  99  11:08  Probe (Chrono Boost)  
  112  11:18  Stalker, Probe (Chrono Boost)  
  113  11:22  Stalker  
  117  11:26  Protoss Ground Weapons Level 3  
  117  11:38  Pylon  
  117  11:40  Pylon  
  117  11:42  Pylon  
  117  11:44  Pylon  
  117  11:45  Pylon  
  117  11:48  Pylon  
  117  11:50  Pylon  
  117  11:53  Stalker, Tempest  
  117  11:54  Pylon  
  117  11:58  Probe (Chrono Boost)  
  126  12:04  Carrier  
  132  12:09  Probe (Chrono Boost)  
  133  12:19  Probe (Chrono Boost)  
  133  12:21  Stalker  
  136  12:23  Stalker  
  139  12:30  Probe (Chrono Boost)  
  139  12:32  Void Ray  
  143  12:40  Probe (Chrono Boost)  
  144  12:51  Stalker  
  144  12:53  Stalker  
  148  13:15  Void Ray  
  148  13:17  Probe (Chrono Boost)  
  153  13:21  Stalker  
  153  13:23  Stalker  
  157  13:27  Probe (Chrono Boost)  
  157  13:28  Void Ray  
  157  13:31  Protoss Air Armor Level 2  
  162  13:51  Stalker  
  162  13:53  Stalker  
  166  13:58  Void Ray  
  166  13:59  Carrier  
  176  14:21  Stalker  
  176  14:23  Stalker  
  176  14:42  Nexus  
  176  14:45  Pylon  
  176  14:58  Carrier  
  168  15:47  Void Ray  
  172  16:20  Stalker  
  172  16:24  Stalker  
  182  16:30  Void Ray  
  186  16:46  Stalker  
  188  16:54  Stalker  
Show
View Real Time Build Order
Export as new Build Order

A.I. 3 (Medium) Protoss 

Build Orders:  

Get SALT Encoding   

  12  0:01  Probe (Chrono Boost)  
  13  0:12  Probe (Chrono Boost)  
  14  0:19  Pylon  
  14  0:22  Probe (Chrono Boost)  
  15  0:38  Probe (Chrono Boost)  
  16  0:48  Probe (Chrono Boost), Assimilator  
  17  0:51  Gateway  
  17  0:59  Probe (Chrono Boost)  
  17  1:00  Pylon  
  18  1:29  Gateway  
  18  1:32  Assimilator  
  18  1:42  Cybernetics Core, Zealot  
  20  2:03  Pylon  
  20  2:15  Zealot, Warp Gate  
  22  2:33  Adept  
  24  2:50  Adept  
  26  2:52  Pylon  
  26  3:05  Adept  
  26  3:10  Probe (Chrono Boost)  
  29  3:22  Probe (Chrono Boost)  
  29  3:24  Stalker  
  32  3:34  Probe (Chrono Boost)  
  33  3:35  Pylon  
  33  3:39  Adept  
  35  3:43  Forge  
  35  3:45  Probe (Chrono Boost)  
  36  3:55  Adept  
  36  3:57  Probe (Chrono Boost)  
  39  4:08  Probe (Chrono Boost)  
  40  4:19  Adept  
  42  4:35  Adept  
  44  6:28  Stalker  
  44  6:29  Probe (Chrono Boost)  
  47  6:37  Pylon  
  47  6:38  Nexus  
  47  6:42  Sentry  
  47  6:43  Photon Cannon  
  47  6:45  Photon Cannon  
  49  6:47  Robotics Facility  
  49  6:50  Stargate  
  49  6:53  Twilight Council  
  49  6:55  Gateway  
  49  6:57  Stalker  
  51  7:02  Forge  
  51  7:08  Pylon  
  51  7:11  Stalker  
  49  7:25  Stalker  
  45  7:34  Observer  
  44  7:40  Sentry  
  38  7:51  Probe (Chrono Boost)  
  39  7:54  Observer, Probe (Chrono Boost)  
  39  7:55  Zealot  
  43  8:01  Probe (Chrono Boost), Assimilator  
  43  8:04  Pylon  
  45  8:06  Probe (Chrono Boost)  
  45  8:07  Pylon  
  45  8:09  Zealot, Assimilator  
  48  8:13  Probe (Chrono Boost)  
  48  8:17  Probe (Chrono Boost)  
  49  8:23  Stalker  
  49  8:24  Probe (Chrono Boost)  
  51  8:28  Probe (Chrono Boost)  
  51  8:30  Photon Cannon  
  51  8:33  Photon Cannon  
  52  8:35  Probe (Chrono Boost)  
  52  8:38  Adept  
  52  8:40  Probe (Chrono Boost)  
  56  8:46  Probe (Chrono Boost)  
  57  8:50  Probe (Chrono Boost)  
  57  8:52  Adept  
  60  8:57  Probe (Chrono Boost)  
  60  9:02  Probe (Chrono Boost)  
  62  9:08  Probe (Chrono Boost)  
  63  9:12  Probe (Chrono Boost)  
  64  9:19  Probe (Chrono Boost)  
  64  9:23  Probe (Chrono Boost)  
  66  9:29  Probe (Chrono Boost)  
  67  9:33  Probe (Chrono Boost)  
  68  9:40  Probe (Chrono Boost)  
  68  9:42  Stalker x2  
  68  9:44  Probe (Chrono Boost)  
  70  9:50  Stalker x2  
  70  10:14  Zealot  
  50  10:28  Stalker  
  52  10:43  Zealot  
  52  10:57  Stalker  
  52  11:09  Protoss Ground Weapons Level 1  
  50  11:11  Warp Prism  
  50  11:12  Adept  
  50  11:15  Protoss Ground Armor Level 1  
  54  11:20  Gateway  
  54  11:21  Stalker  
  56  11:26  Robotics Bay  
  56  11:31  Sentry  
  52  11:40  Pylon, Adept  
  52  11:42  Dark Shrine  
  50  11:47  Observer  
  50  11:53  Robotics Facility  
  50  11:59  Zealot  
  52  12:02  Templar Archives  
  52  12:05  Warp Prism, Stargate  
  54  12:09  Stalker, Observer Gravitic Boosters  
  54  12:11  Fleet Beacon  
  54  12:12  Nexus  
  56  12:18  Zealot  
  58  12:28  Stalker  
  60  12:38  Immortal  
  64  12:45  Stalker  
  66  12:54  Stalker  
  68  13:04  Stalker, Gravitic Drive  
  70  13:13  Sentry  
  72  13:22  Stalker  
  75  13:27  Probe (Chrono Boost)  
  75  13:30  Probe (Chrono Boost)  
  75  13:32  Assimilator  
  75  13:33  Stalker, Probe (Chrono Boost)  
  79  13:36  Pylon  
  79  13:38  Probe (Chrono Boost)  
  77  13:41  Probe (Chrono Boost), Zealot  
  77  13:44  Probe (Chrono Boost)  
  77  13:45  Pylon  
  77  13:47  Immortal, Assimilator  
  63  13:49  Probe (Chrono Boost)  
  63  13:52  Probe (Chrono Boost)  
  63  13:56  Zealot  
  63  13:57  Pylon  
  63  14:00  Immortal  
  64  14:04  Probe (Chrono Boost)  
  67  14:10  Zealot  
  67  14:14  Void Ray  
  67  14:16  Probe (Chrono Boost)  
  72  14:24  Immortal  
  76  14:33  Zealot  
  76  14:37  Void Ray  
  76  14:54  Zealot  
  74  15:02  Zealot  
  70  15:07  Gateway  
  74  15:15  Stalker  
  76  15:22  Stalker  
  70  15:31  Void Ray  
  70  15:44  Sentry  
  58  15:52  Nexus  
  58  15:54  Nexus  
  58  15:55  Nexus  
  56  16:01  Nexus  
  52  16:06  Pylon  
  52  16:10  Gateway  
  44  16:38  Nexus  
  44  16:42  Pylon  
  44  16:45  Pylon  
  44  16:48  Pylon  
  44  16:53  Nexus  
  43  16:57  Pylon  
  43  17:06  Nexus, Zealot  
  45  17:08  Gateway  
Show
View Real Time Build Order
Export as new Build Order

A.I. 4 (Medium) Zerg 

Build Orders: Hatch First 

Get SALT Encoding   

  12  0:01  Drone  
  13  0:12  Overlord  
  13  0:17  Drone  
  14  0:30  Drone  
  14  0:33  Drone  
  16  0:36  Drone  
  17  0:58  Drone, Hatchery  
  17  1:12  Spawning Pool  
  17  1:14  Drone  
  17  1:17  Drone  
  18  1:20  Extractor  
  18  1:23  Drone  
  18  1:29  Overlord  
  18  2:00  Zergling x2  
  18  2:01  Zergling x2, Queen  
  20  2:02  Roach Warren  
  20  2:03  Extractor, Drone  
  21  2:09  Drone  
  21  2:12  Zergling x2  
  23  2:27  Baneling Nest  
  22  2:31  Drone  
  22  2:33  Zergling x2  
  24  2:37  Zergling x2  
  24  2:41  Zergling x2  
  26  2:58  Roach  
  28  3:00  Overlord  
  28  3:11  Drone  
  29  3:14  Roach, Drone  
  29  3:18  Drone  
  33  3:21  Drone  
  33  3:25  Drone  
  35  3:29  Drone  
  35  3:31  Lair, Baneling  
  35  3:32  Baneling  
  36  3:51  Overlord  
  36  3:57  Roach  
  38  4:07  Extractor  
  38  4:09  Drone  
  38  4:14  Roach  
  40  4:22  Extractor  
  40  4:23  Overlord  
  39  4:27  Drone  
  39  4:30  Roach, Drone  
  43  4:32  Hydralisk Den  
  43  4:34  Drone  
  43  4:37  Drone  
  44  4:41  Drone  
  46  4:45  Drone  
  46  4:48  Drone  
  46  4:51  Drone  
  48  4:55  Drone  
  48  4:59  Drone  
  50  5:00  Hydralisk  
  50  5:05  Overlord  
  52  5:08  Drone  
  52  5:11  Drone  
  54  5:15  Drone  
  54  5:17  Hydralisk  
  54  5:18  Drone  
  54  5:21  Drone  
  59  5:24  Drone  
  59  5:26  Drone  
  61  5:30  Overlord  
  61  5:33  Drone  
  62  5:36  Drone  
  62  5:41  Drone  
  64  5:47  Roach, Drone  
  67  5:50  Drone  
  67  5:52  Overlord  
  67  5:54  Drone  
  69  5:58  Drone  
  69  6:03  Drone  
  71  6:09  Drone  
  72  6:13  Overlord  
  72  6:18  Roach, Drone  
  74  6:21  Drone  
  74  6:25  Overseer  
  76  6:27  Overseer  
  76  6:31  Evolution Chamber  
  76  6:32  Drone, Overlord  
  76  6:33  Spore Crawler  
  76  6:34  Hydralisk  
  76  6:35  Drone  
  78  6:42  Drone  
  78  6:43  Spore Crawler  
  78  6:46  Drone  
  79  6:47  Spore Crawler  
  79  6:50  Drone, Hydralisk  
  79  6:52  Spore Crawler  
  79  6:53  Drone  
  81  6:56  Drone  
  81  6:57  Queen  
  81  7:00  Overlord  
  84  7:05  Queen  
  84  7:08  Roach  
  88  7:11  Spine Crawler  
  88  7:13  Drone  
  88  7:16  Spine Crawler  
  88  7:17  Drone  
  88  7:19  Spine Crawler  
  87  7:24  Roach, Spine Crawler  
  87  7:25  Drone  
  87  7:28  Infestation Pit  
  87  7:29  Drone  
  89  7:37  Spire  
  89  7:38  Drone  
  89  7:40  Evolution Chamber  
  89  7:41  Roach, Drone  
  91  9:13  Pneumatized Carapace, Hive  
  91  9:14  Overlord  
  91  9:15  Overseer  
  91  9:16  Zerg Melee Weapons Level 1  
  91  9:17  Metabolic Boost, Zerg Ground Armor Level 1  
  91  9:32  Overlord  
  91  9:35  Hatchery  
  89  9:47  Hydralisk  
  66  9:57  Overseer  
  58  10:00  Hydralisk  
  60  10:13  Hydralisk  
  62  10:27  Zergling x2  
  63  10:28  Greater Spire  
  63  10:30  Ultralisk Cavern  
  63  10:35  Zergling x2, Queen  
  59  10:42  Roach  
  48  10:44  Drone  
  48  10:46  Queen  
  48  10:47  Drone  
  48  10:49  Mutalisk  
  40  10:50  Drone  
  40  10:52  Overseer  
  40  10:53  Drone  
  40  10:56  Drone  
  40  10:57  Zergling x2  
  40  11:00  Overseer, Overlord  
  40  11:03  Drone  
  38  11:05  Roach  
  38  11:06  Drone  
  38  11:09  Extractor, Drone  
  38  11:10  Zerg Missile Weapons Level 1  
  38  11:11  Spore Crawler, Mutalisk, Queen  
  38  11:13  Drone  
  38  11:15  Spore Crawler  
  38  11:16  Drone  
  38  11:19  Drone  
  38  11:22  Drone  
  38  11:23  Burrow  
  38  11:24  Overlord  
  38  11:25  Drone, Hydralisk  
  40  11:32  Ultralisk Cavern  
  39  11:38  Hydralisk  
  41  11:41  Spire  
  41  11:43  Overlord  
  41  11:46  Overseer  
  38  11:52  Spine Crawler, Hydralisk  
  39  11:55  Drone  
  39  11:57  Drone  
  39  12:02  Drone, Overlord  
  39  12:05  Drone  
  39  12:06  Zergling x2  
  39  12:08  Drone  
  43  12:11  Drone  
  43  12:14  Drone  
  45  12:17  Drone  
  45  12:18  Hydralisk  
  45  12:21  Drone  
  49  12:23  Overlord  
  49  12:24  Drone  
  49  12:27  Drone  
  51  12:30  Drone  
  51  12:32  Ultralisk  
  51  12:33  Drone  
  51  12:35  Lair  
  51  12:36  Drone  
  60  12:45  Ultralisk  
  60  12:47  Overlord  
  60  12:49  Overseer  
  60  12:50  Hatchery  
  65  12:52  Drone  
  65  12:55  Drone  
  65  12:58  Ultralisk, Drone  
  73  13:01  Drone  
  73  13:02  Extractor  
  73  13:04  Drone  
  75  13:07  Drone  
  75  13:08  Overlord  
  75  13:11  Drone  
  77  13:14  Extractor, Drone  
  77  13:17  Drone  
  78  13:20  Drone  
  79  13:28  Ultralisk  
  79  13:31  Overlord  
  84  13:37  Zergling x2  
  75  13:42  Ultralisk  
  75  13:46  Hydralisk  
  65  13:55  Hydralisk  
  67  14:03  Hydralisk  
  68  14:10  Zergling x2  
  67  14:17  Hydralisk  
  63  14:24  Drone x3  
  63  14:25  Roach  
  63  14:26  Queen  
  57  14:31  Hatchery  
  57  14:33  Zergling x2  
  57  14:38  Hatchery  
  45  14:39  Mutalisk  
  45  14:41  Drone x3  
  44  14:48  Roach  
  36  14:58  Hydralisk  
  27  15:02  Drone  
  13  15:26  Lair  
  8  16:30  Drone  
  7  16:51  Hatchery  
  5  17:02  Infestation Pit  
Show
View Real Time Build Order
Export as new Build Order

A.I. 5 (Hard) Terran 

Build Orders: MMM Bio 

Get SALT Encoding   

  12  0:01  SCV  
  13  0:13  SCV  
  14  0:19  Supply Depot  
  14  0:25  SCV  
  15  0:41  SCV  
  16  0:45  Barracks  
  16  0:49  Refinery  
  16  0:53  SCV  
  17  1:05  SCV  
  18  1:17  SCV  
  19  1:22  Supply Depot  
  19  1:30  SCV  
  19  1:32  Marine  
  21  1:42  Barracks  
  21  1:43  Orbital Command  
  21  1:50  Refinery, Barracks Tech Lab  
  21  2:08  Supply Depot  
  21  2:09  Marine  
  22  2:26  Marine  
  22  2:29  Marine  
  24  2:44  Marine  
  24  2:45  Supply Depot  
  24  2:48  Marine  
  26  3:02  Marine  
  27  3:05  Marine  
  28  3:15  SCV  
  29  3:20  Marauder, Supply Depot  
  29  3:23  Marine  
  32  3:27  SCV  
  32  3:34  Engineering Bay  
  33  3:39  SCV  
  34  3:41  Marine  
  34  3:44  Marine  
  36  3:51  SCV  
  37  4:00  Marauder  
  37  4:02  Marine  
  39  4:03  SCV  
  41  4:15  SCV  
  42  4:21  Marauder  
  44  4:42  Marauder  
  46  5:04  Marauder  
  48  6:14  Barracks Tech Lab  
  48  6:16  Reaper, Stimpack  
  48  6:17  Terran Infantry Weapons Level 1  
  48  6:18  Factory  
  49  6:22  Factory  
  49  6:23  Command Center  
  49  6:27  Supply Depot  
  49  6:29  Missile Turret  
  49  6:31  Missile Turret  
  49  6:32  Concussive Shells  
  49  6:33  Reaper  
  49  6:35  Barracks  
  50  6:48  Marauder  
  51  6:57  Bunker  
  51  7:05  Starport, Marine  
  44  7:09  Starport  
  44  7:10  Marauder, Factory Tech Lab  
  44  7:11  Factory Tech Lab  
  44  7:15  Combat Shields  
  42  7:22  Marine  
  42  7:24  Marine  
  42  7:26  Sensor Tower  
  35  7:31  Marine  
  37  7:37  SCV  
  37  7:38  SCV  
  37  7:40  Marine  
  39  7:45  Refinery  
  39  7:46  Marine  
  39  7:49  SCV  
  39  7:51  Missile Turret  
  41  7:52  SCV  
  41  7:53  Marine, Missile Turret  
  41  7:55  Refinery  
  41  7:56  Starport Tech Lab x2  
  43  8:00  Marine  
  43  8:01  SCV  
  43  8:04  SCV  
  46  8:07  Marine  
  46  8:11  Terran Infantry Armor Level 1  
  46  8:13  SCV  
  46  8:14  Marine  
  46  8:15  Bunker, Raven x2  
  46  8:16  SCV  
  53  8:22  Marauder  
  53  8:25  SCV, Armory  
  56  8:28  SCV  
  56  8:33  Marauder  
  59  8:34  Barracks Reactor  
  59  8:37  SCV  
  59  8:40  SCV  
  61  8:44  Marauder  
  63  8:49  SCV  
  63  8:52  SCV  
  63  8:54  Marine  
  66  8:56  Supply Depot  
  66  9:01  SCV  
  67  9:04  SCV  
  67  9:05  Marauder  
  70  9:11  Marine  
  70  9:13  SCV  
  70  9:16  SCV  
  73  9:26  SCV  
  74  10:35  Medivac x2  
  76  10:36  Marine  
  76  10:37  Terran Infantry Weapons Level 2, Supply Depot  
  76  10:38  Terran Vehicle Weapons Level 1  
  76  10:39  Marine  
  76  10:42  Marine  
  77  10:43  Ghost Academy  
  77  10:45  Marine  
  77  10:47  Engineering Bay  
  77  10:51  Fusion Core  
  77  10:54  Reaper  
  59  10:57  Marine  
  59  11:00  Marine  
  59  11:01  Armory  
  59  11:03  Marine  
  57  11:05  Medivac, Raven  
  61  11:14  Terran Infantry Armor Level 2  
  61  11:15  Marine  
  61  11:18  Marine  
  63  11:21  Reaper  
  64  11:26  Marine  
  64  11:27  Supply Depot  
  64  11:30  Command Center  
  64  11:33  Marine  
  64  11:35  Raven  
  64  11:36  Marine  
  63  11:43  Ghost  
  62  11:50  Marine  
  62  11:52  Medivac  
  62  11:53  Marine x2  
  63  12:08  Reaper  
  63  12:11  Reaper  
  63  12:12  Marine  
  63  12:13  Reaper  
  67  12:18  Raven  
  67  12:22  Armory  
  69  12:30  Marine  
  69  12:32  Terran Vehicle And Ship Armor Level 1  
  70  12:40  Marine  
  70  12:43  Marine  
  72  12:44  SCV  
  72  12:45  Marauder  
  72  12:46  SCV  
  72  12:48  SCV, Marine  
  78  12:56  SCV, Refinery  
  78  12:58  SCV  
  80  12:59  Marauder  
  80  13:00  SCV  
  80  13:01  Marine  
  80  13:03  Missile Turret  
  84  13:06  Marauder  
  84  13:08  SCV  
  84  13:09  Terran Ship Weapons Level 1, Missile Turret  
  84  13:10  SCV  
  84  13:11  Refinery  
  84  13:12  SCV  
  88  13:20  Marauder  
  88  13:21  SCV  
  88  13:22  SCV  
  88  13:24  SCV  
  88  13:25  Marine  
  89  13:28  Marine  
  89  13:31  Bunker, Marine  
  89  13:33  SCV  
  87  13:35  Viking  
  87  13:41  Marine  
  74  13:45  Marine  
  74  13:46  Marine  
  75  13:50  Reaper  
  75  13:52  Hellion  
  75  13:54  Command Center  
  75  13:59  Marine  
  63  14:02  Marine  
  63  14:04  Reaper  
  62  14:16  Marine  
  59  14:20  Marine  
  59  14:21  Marine  
  56  14:26  Command Center  
  53  14:34  Marine  
  53  14:36  Marine  
  53  14:38  Marine  
  53  14:39  Marine  
  52  14:53  Marauder  
  52  14:54  Marauder  
  33  15:25  Command Center  
Tags
 
Add a new tag
Caveats
  • Supply blocks, unpowered buildings, or Contaminate may cause inaccurate times.
  • Supply counts are checked every 10 seconds.